 Dungeon Crawl Stone Soup version 0.29-a0-914-g906f1d757c (webtiles) character file.

Game seed: 9684521103618249891

11902 Querens the Protected (level 12, -15/107 HPs)
             Began as a Meteoran Fighter on July 26, 2022.
             Was a Believer of Makhleb.
             Demolished by Erolcha
             ... wielding a +0 giant club
              (39 damage)
             ... on level 11 of the Dungeon.
             The game lasted 00:27:53 (5917 turns).

Querens the Protected (Meteoran Fighter)            Turns: 5917, Time: 00:27:53

Health: -15/107    AC: 17    Str: 24    XL:     12   Next: 41%
Magic:  18/18      EV:  7    Int: 10    God:    Makhleb [**....]
Gold:   154        SH: 20    Dex: 19    Spells: 11/11 levels left

rFire   . . .      SeeInvis .   q - +3 hand axe (vorpal)
rCold   . . .      Faith    .   a - +2 kite shield {rN+}
rNeg    + . .      Spirit   .   x - +0 chain mail
rPois   .          Reflect  +   A - +0 helmet
rElec   .          Harm     .   d - +2 cloak
rCorr   .          Rampage  .   (no gloves)
Will    +....                   (no boots)
Stlth   ..........              C - amulet of reflection
HPRegen 0.27/turn               i - ring of flight
MPRegen 0.16/turn               G - +6 ring of dexterity

@: flying, glowing
A: sense surroundings 2, otherworldly, glowing, explore regen
a: Renounce Religion, Minor Destruction


You were on level 11 of the Dungeon.
You worshipped Makhleb.
Makhleb was pleased with you.
You visited 2 branches of the dungeon, and saw 12 of its levels.

You collected 567 gold pieces.
You spent 413 gold pieces at shops.

Inventory:

Hand Weapons
 q - a +3 vorpal hand axe (weapon)
Missiles
 l - 24 poisoned darts (quivered)
 r - 4 atropa-tipped darts
 w - 2 throwing nets
Armour
 a - a +2 kite shield of positive energy (worn)
 d - a +2 cloak (worn)
 h - a +1 troll leather armour {Snorg}
 s - a +2 robe of cold resistance
 x - a +0 chain mail (worn)
 A - a +0 helmet (worn)
Magical Staves
 c - a staff of fire
 E - a staff of earth
Jewellery
 i - a ring of flight (left hand)
 u - a ring of magical power
 C - an amulet of reflection (around neck)
 G - a +6 ring of dexterity (right hand)
 L - a ring of ice
Wands
 p - a wand of polymorph (2)
 J - a wand of paralysis (5)
Scrolls
 b - 2 scrolls of silence
 e - a scroll of fear
 f - a scroll of blinking
 k - 7 scrolls of enchant armour
 m - 2 scrolls of amnesia
 n - 3 scrolls of teleportation
 t - a scroll of butterflies
 D - 2 scrolls of enchant weapon
 H - 4 scrolls of immolation
 N - 2 scrolls of magic mapping
Potions
 g - a potion of attraction
 j - 5 potions of curing
 o - 5 potions of mutation
 v - a potion of flight
 z - 4 potions of invisibility
 B - 5 potions of magic
 I - a potion of heal wounds
 O - 2 potions of cancellation


   Skills:
 + Level 10.4 Fighting
 + Level 11.0 Axes
 + Level 11.3 Armour
 + Level 11.2 Shields
 + Level 6.8 Invocations


You had 11 spell levels left.
You didn't know any spells.
Your spell library contained the following spells:

 Spells                   Type           Power      Damage    Failure   Level
 Necrotise                Necr           0%         1d4       99%         1
 Sandblast                Erth           0%         2d4       99%         1
 Summon Small Mammal      Summ           0%         N/A       99%         1
 Blink                    Tloc           0%         N/A       99%         2
 Passwall                 Tmut/Erth      0%         N/A       99%         2
 Call Canine Familiar     Summ           0%         N/A       100%        3
 Ignite Poison            Fire/Tmut/Pois 0%         N/A       100%        3
 Mephitic Cloud           Conj/Pois/Air  0%         N/A       100%        3
 Stone Arrow              Conj/Erth      0%         3d7       100%        3
 Summon Guardian Golem    Hex/Summ       0%         N/A       100%        3
 Vampiric Draining        Necr           0%         2d6       100%        3
 Olgreb's Toxic Radiance  Pois           0%         N/A       100%        4
 Summon Lightning Spire   Summ/Air       0%         N/A       100%        4
 Agony                    Necr           0%         N/A       100%        5
 Freezing Cloud           Conj/Ice/Air   0%         6-21      100%        5
 Manifold Assault         Tloc           0%         N/A       100%        5
 Summon Mana Viper        Hex/Summ       0%         N/A       100%        5
 Ozocubu's Refrigeration  Ice            0%         4d5       100%        7
 Storm Form               Tmut/Air       0%         N/A       100%        7
 Ignition                 Fire           0%         3d3       100%        8
 Maxwell's Capacitive Co  Air            0%         ∞         100%        8
 Summon Horrible Things   Summ           0%         N/A       100%        8


Dungeon Overview and Level Annotations

Branches:
Dungeon (11/15) Zot: 809   Temple (1/1) D:7 Zot: 460    Lair (0/5) D:10
    Orc: D:9-12

Altars:
Ashenzari
Cheibriados
Dithmenos
Elyvilon
Fedhas
Gozag
Hepliaklqana
Kikubaaqudgha
Makhleb
Nemelex Xobeh
Okawaru
Qazlal
Ru
Sif Muna
Trog
Uskayaw
Vehumet
Wu Jian
Xom
Yredelemnul
Zin
The Shining One

Shops:
D:1 (   D:2 **:   D:3 *   D:4 =   D:6 *   D:8 *   D:9 ?

Portals:
Trove: D:10 (give +3 storm dragon scales)

Annotations:
D:11 Erolcha, Lodul


Innate Abilities, Weirdness & Mutations

You passively map the area around you.
You are easily found by Zot.
You glow in the dark.
You regain HP and MP as you explore.


Message History

Erolcha drinks a potion.
Erolcha is healed!
You hit Erolcha.
Erolcha is heavily wounded.
You block Erolcha's attack.
You completely miss Erolcha.
Erolcha is heavily wounded.
You slash Erolcha!
Erolcha is severely wounded.
You block Erolcha's attack.
You barely miss Erolcha.
Erolcha is severely wounded.
You barely miss Erolcha.
Erolcha is severely wounded.
Erolcha points at you and mumbles some strange words.
The fireball explodes!
The fireball engulfs you!
The fireball engulfs Erolcha!
Erolcha resists.
You hit Erolcha.
Erolcha is almost dead.
Erolcha hits you with a +0 giant club!!
You hit Erolcha but do no damage.
Erolcha is almost dead.
Erolcha gestures wildly while chanting.
Erolcha blinks!
Erolcha drinks a potion.
Erolcha is healed!
Erolcha gestures wildly while chanting.
Erolcha blinks!
Erolcha points at you and mumbles some strange words.
The fireball explodes!
The fireball engulfs you!
* * * LOW HITPOINT WARNING * * *
The fireball engulfs Erolcha!
Erolcha resists.
You closely miss Erolcha.
Erolcha is severely wounded.
Unknown command.
You barely miss Erolcha.
Erolcha is severely wounded.
You block Erolcha's attack.
You hit Erolcha but do no damage.
Erolcha is severely wounded.
Erolcha hits you with a +0 giant club!!!
You die...

##### #...## #....#
#############....#
#....O@..........#
#.[..............#
**
#...............8#
**
..................#
,...............8.8#
, ,,
..##+####.........#
,.,+ #......8.8# , ,
, , ,#.........# , ,
, ,#.........#


You could see Erolcha.

Vanquished Creatures
  Snorg (D:10)
  Fannar (D:11)
  A two-headed ogre (D:11)
  The ghost of fly the Carver, a novice DgDe (D:8)
  An ugly thing (D:11)
  Joseph (D:7)
  3 trolls
  A hornet (D:6)
  Sigmund (D:2)
  A shadow (D:9)
  20 yaks
  A wraith (D:8)
  A wyvern (D:9)
  Grum (D:10)
  A steam dragon (D:9)
  3 wargs (D:10)
  2 water moccasins (D:7)
  A black bear (D:6)
  2 orc warriors
  An ice beast (D:5)
  6 ogres
  4 wolves (D:10)
  5 centaurs
  A phantom (D:6)
  2 kobold brigands
  A scorpion (D:4)
  8 wights (D:7)
  8 killer bees
  5 howler monkeys
  3 jellies
  3 hounds
  3 orc priests
  A gnoll bouda (D:4)
  Crazy Yiuf (D:7)
  5 iguanas
  Ijyb (D:5)
  5 orc wizards
  6 gnolls
  7 adders
  A shadow imp (D:8)
  2 white imps
  An ufetubus (D:6)
  A dart slug (D:1)
  26 orcs
  3 endoplasms
  5 giant cockroaches
  5 goblins
  5 hobgoblins
  6 jackals
  16 kobolds
  A quokka (D:1)
  8 ball pythons
  5 bats
  3 frilled lizards
  4 rats
212 creatures vanquished.

Notes
Turn   | Place    | Note
-------+----------+-------------------------------------------
     0 | D:1      | Querens the Meteoran Fighter began the quest for the Orb.
     0 | D:1      | Reached XP level 1. HP: 19/19 MP: 2/2
    27 | D:1      | Reached XP level 2. HP: 15/26 MP: 3/3
    62 | D:1      | Reached XP level 3. HP: 13/31 MP: 4/4
   241 | D:1      | Found Qymimiux's Antique Weapon Emporium.
   382 | D:2      | Found Cusa's Assorted Antiques.
   392 | D:2      | Found Yrrimer's General Store.
   524 | D:2      | Found Oheimpi's Book Shop.
   726 | D:2      | Reached XP level 4. HP: 39/40 MP: 5/5
   728 | D:2      | Noticed Sigmund
   739 | D:2      | Killed Sigmund
   740 | D:2      | Reached XP level 5. HP: 22/47 MP: 6/6
   740 | D:2      | Reached XP level 6. HP: 25/53 MP: 7/7
   906 | D:3      | Found a sparkling altar of Nemelex Xobeh.
   908 | D:3      | Reached skill level 5 in Armour
   962 | D:3      | Reached skill level 5 in Shields
  1098 | D:3      | Found Yhauj's Assorted Antiques.
  1352 | D:2      | Bought a scroll of identify for 22 gold pieces
  1388 | D:4      | Found Mocke's Jewellery Boutique.
  1539 | D:4      | Reached XP level 7. HP: 54/60 MP: 8/8
  1758 | D:4      | Reached skill level 5 in Fighting
  1776 | D:4      | Found a blossoming altar of Fedhas.
  1776 | D:4      | Found a glowing golden altar of the Shining One.
  1872 | D:4      | Got Delahi's Octavo of Accompaniment
  1928 | D:4      | Reached skill level 5 in Axes
  2018 | D:5      | Entered Level 5 of the Dungeon
  2104 | D:5      | Reached XP level 8. HP: 36/69 MP: 9/9
  2163 | D:5      | Noticed Ijyb
  2252 | D:5      | Killed Ijyb
  2627 | D:6      | Noticed a yak
  2627 | D:6      | Noticed a yak
  2664 | D:6      | Noticed a hornet
  2670 | D:6      | Killed a hornet
  2752 | D:6      | Gained mutation: You passively map the area around you.
                  | [Meteoran growth]
  2752 | D:6      | Reached XP level 9. HP: 75/75 MP: 10/10
  3110 | D:6      | Found Loas's Gadget Gallery.
  3117 | D:6      | Found a white marble altar of Elyvilon.
  3249 | D:7      | Found a runed translucent door.
  3250 | D:7      | Noticed Crazy Yiuf
  3260 | D:7      | Killed Crazy Yiuf
  3261 | D:7      | Reached XP level 10. HP: 73/84 MP: 11/11
  3294 | D:7      | Found a staircase to the Ecumenical Temple.
  3314 | Temple   | Entered the Ecumenical Temple
  3558 | D:7      | Found a burning altar of Makhleb.
  3569 | D:7      | Became a worshipper of Makhleb the Destroyer
  3593 | D:7      | Noticed Joseph
  3763 | D:7      | Paralysed by Joseph for 4 turns
  3776 | D:7      | Killed Joseph
  3813 | D:8      | Reached * piety under Makhleb
  3868 | D:8      | Noticed fly's ghost (novice DgDe)
  3869 | D:8      | Found a runed translucent door.
  3909 | D:8      | Found Loestruw's General Store.
  3928 | D:8      | Bought a scroll of magic mapping for 82 gold pieces
  3928 | D:8      | Bought a potion of heal wounds for 55 gold pieces
  3928 | D:8      | Bought a scroll of teleportation for 33 gold pieces
  4170 | D:8      | Killed fly's ghost
  4171 | D:8      | Reached skill level 1 in Invocations
  4216 | D:9      | Reached XP level 11. HP: 95/95 MP: 13/13
  4340 | D:9      | Reached skill level 10 in Armour
  4341 | D:9      | Reached skill level 10 in Shields
  4396 | D:9      | Found Zeadesk's Magic Scroll Shoppe.
  4406 | D:9      | Bought a scroll of noise for 13 gold pieces
  4406 | D:9      | Bought a scroll of fear for 52 gold pieces
  4406 | D:9      | Bought a scroll of immolation for 52 gold pieces
  4406 | D:9      | Bought a scroll of identify for 26 gold pieces
  4406 | D:9      | Bought a scroll of identify for 26 gold pieces
  4406 | D:9      | Bought a scroll of vulnerability for 52 gold pieces
  4548 | D:9      | Found a hazy altar of Hepliaklqana.
  4559 | D:9      | Reached ** piety under Makhleb
  4594 | D:9      | Found a bloodstained altar of Trog.
  4774 | D:10     | Entered Level 10 of the Dungeon
  4844 | D:10     | Reached skill level 10 in Axes
  4923 | D:10     | Found a portal to a secret trove of treasure.
  5024 | D:10     | Found a staircase to the Lair.
  5114 | D:10     | Noticed Grum
  5124 | D:10     | Reached skill level 5 in Invocations
  5133 | D:10     | Killed Grum
  5197 | D:10     | Noticed Snorg
  5431 | D:10     | Killed Snorg
  5432 | D:10     | Reached skill level 10 in Fighting
  5432 | D:10     | Reached XP level 12. HP: 39/106 MP: 17/17
  5629 | D:11     | Found a faded altar of an unknown god.
  5772 | D:11     | Noticed Lodul
  5773 | D:11     | Noticed a two-headed ogre
  5802 | D:11     | Noticed Fannar
  5813 | D:11     | Killed a two-headed ogre
  5819 | D:11     | Killed Fannar
  5889 | D:11     | Noticed Erolcha
  5917 | D:11     | Demolished by Erolcha

Illustrated notes

Levels and vault maps discovered:
D:1:      dreamdust_arrival_sigmund_warning, layout_rooms, serial_forest,
          infiniplex_forest_fountain, infiniplex_forest_lined_3_way,
          infiniplex_forest_lined_room_2, infiniplex_forest_lined_1,
          infiniplex_forest_clump_diagonal, infiniplex_forest_clump_small,
          infiniplex_forest_lined_corner, serial_shops,
          nicolae_shop_hallway_plus
D:2:      layout_basic, serial_shops, shop, nicolae_shop_stone,
          nicolae_shop_temple_entry_statues_fountains, minmay_tetromino_i2,
          uniq_sigmund
D:3:      layout_loops_ring, mainiacjoe_overflow_catwalk, serial_shops, shop
D:4:      layout_loops_ring, mainiacjoe_overflow_divided_tiny, minivault_11,
          nrook_mini_vaults, nicolae_stop_n_shop_2
D:5:      layout_basic, hangedman_glass_teeth, uniq_ijyb
D:6:      layout_gridville, mainiacjoe_overflow_alcove_2, minivault_5,
          kennysheep_another_room, serial_bayou_pond_e, kennysheep_donut,
          nicolae_shop_gadgets
D:7:      layout_cave_pools, mainiacjoe_overflow_brackets,
          minmay_temple_entry_statues_fountains, uniq_joseph,
          uniq_crazy_yiuf_cottage
D:8:      layout_cave_pools, hellmonk_ghost_happy_afterlife,
          minmay_shop_grid_forest, hangedman_abyss_or_decor_clamps
D:9:      layout_loops_ring, mainiacjoe_overflow_tiny_flanked,
          lemuel_tele_altar, serial_shops, nicolae_shop_crystal
D:10:     layout_irregular_city, erik_lair_orcish_takeover,
          nicolae_trove_entry_crystal, small_statue_alley_b, uniq_snorg,
          uniq_grum
D:11:     minmay_general_purpose_star, layout_irregular_city,
          serial_column_ruins, column_ruins_temple_hut,
          column_ruins_open_small_water, column_ruins_open_tiny,
          column_ruins_open_small, column_ruins_corridor_straight,
          column_ruins_grid_2, uniq_erolcha, uniq_lodul, uniq_fannar
Temple:   regret_index_temple_generic_petals

Skill      XL: |  1  2  3  4  5  6  7  8  9 10 11 12 |
---------------+-------------------------------------+-----
Armour         | 4 5 6 8 9 10 11 | 11.3
Shields        | 4 5 6 8 9 10 11 | 11.2
Axes           | 3 4 5 6 7 9 10 11 | 11.0
Fighting       | 4 5 6 7 8 10 | 10.4
Invocations    | 2 5 6 |  6.8

Action                   |  1- 3 |  4- 6 |  7- 9 | 10-12 || total
-------------------------+-------+-------+-------+-------++-------
Melee: War axe           |    84 |       |       |       ||    84
       Hand axe          |     4 |    78 |   225 |   485 ||   792
Throw: Dart              |       |       |    11 |     4 ||    15
Evoke: Wand              |       |       |       |     1 ||     1
  Use: Scroll            |       |     6 |     4 |    14 ||    24
       Potion            |       |       |     4 |     1 ||     5
Armor: Scale mail        |    48 |    30 |       |       ||    78
       Chain mail        |       |       |   101 |   153 ||   254
Dodge: Dodged            |    23 |    22 |    34 |    73 ||   152
Block: Buckler           |    24 |    14 |    35 |       ||    73
       Kite shield       |       |       |    77 |   486 ||   563
       Reflection        |       |       |     1 |    22 ||    23

Table legend: (Time is in decaauts)
 A = Elapsed time spent in this place.
 B = Non-inter-level travel time spent in this place.
 C = Inter-level travel time spent in this place.
 D = Time resting spent in this place.
 E = Time spent auto-exploring this place.
 F = Levels seen in this place.
 G = Mean time per level.
                   A        B        C        D        E       F      G
               +--------+--------+--------+--------+--------+-----+--------+
         Total |   5929 |   5470 |    459 |      0 |     53 |  12 |  494.1 |
       Dungeon |   5789 |   5343 |    446 |      0 |      0 |  11 |  526.3 |
        Temple |    139 |    126 |     13 |      0 |     53 |   1 |  139.0 |
               +--------+--------+--------+--------+--------+-----+--------+

Top non-repeatable levels by time:
    D:10: 730 daAuts
     D:4: 637 daAuts
     D:5: 624 daAuts
     D:9: 570 daAuts
     D:6: 525 daAuts
     D:2: 521 daAuts
     D:3: 479 daAuts
     D:7: 479 daAuts
     D:1: 428 daAuts
     D:8: 402 daAuts
    D:11: 389 daAuts
  Temple: 139 daAuts
